 Dungeon Crawl Stone Soup version 0.23.0 (webtiles) character file.

Game seed: 5257293293553967082

16211 tidbits the Thaumaturge (level 12, 94/94 HPs)
             Began as a Gnoll Skald on Feb 15, 2019.
             Was the Champion of Cheibriados.
             Quit the game on level 11 of the Dungeon.
             The game lasted 00:43:04 (3669 turns).

tidbits the Thaumaturge (Gnoll Skald)               Turns: 3669, Time: 00:43:04

Health: 94/94      AC: 14    Str: 29    XL:     12   Next: 35%
Magic:  24/24      EV: 21    Int: 36    God:    Cheibriados [******]
Gold:   208        SH:  0    Dex: 29    Spells: 16/28 levels left

rFire    . . .     SeeInvis .   a - +3 trident (freeze)
rCold    . . .     Gourm    .   (no shield)
rNeg     . . .     Faith    .   B - +0 steam dragon scales
rPois    .         Spirit   .   E - +2 helmet
rElec    .         Reflect  .   C - +2 cloak
rCorr    .         Harm     .   (no gloves)
MR       +....                  F - +0 pair of boots
Stlth    ++++......             (no amulet)
HPRegen  0.25/turn              W - ring of wizardry
MPRegen  0.19/turn              H - ring of protection from magic

@: very slightly contaminated, very slow
A: distributed training, fangs 1, strong nose
a: Bend Time, Temporal Distortion, Slouch, Step From Time, Renounce Religion


You were on level 11 of the Dungeon.
You worshipped Cheibriados.
Cheibriados was exalted by your worship.
You were full.

You visited 1 branch of the dungeon, and saw 12 of its levels.

You collected 316 gold pieces.
You spent 108 gold pieces at shops.

Inventory:

Hand Weapons
 a - a +3 trident of freezing (weapon)
   (You took it off a gnoll sergeant on level 6 of the Dungeon)
 e - a +0 fustibalus
 g - a +0 dagger
 l - a +0 blowgun
 N - a +3 morningstar
 S - a +0 halberd of venom
   (You bought it in a shop on level 9 of the Dungeon)
 U - a +0 glaive
 V - a +1 scimitar of flaming
   (You found it on level 8 of the Dungeon)
 X - a +0 hand crossbow
Missiles
 c - 8 tomahawks (quivered)
 i - 10 stones
 m - 34 bolts
 A - 133 arrows
 M - a throwing net {!f}
 O - 24 sling bullets
Armour
 B - +0 steam dragon scales (worn)
 C - a +2 cloak (worn)
 E - a +2 helmet (worn)
 F - a +0 pair of boots (worn)
Magical Staves
 f - an uncursed staff of poison {unknown}
   (You found it on level 11 of the Dungeon)
 G - an uncursed staff of air
   (You found it on level 6 of the Dungeon)
Jewellery
 s - an uncursed ring of fire
   (You found it on level 11 of the Dungeon)
 H - a ring of protection from magic (right hand)
   (You found it on level 5 of the Dungeon)
 K - an uncursed ring of resist corrosion
   (You found it on level 3 of the Dungeon)
 W - a ring of wizardry (left hand)
   (You found it on level 8 of the Dungeon)
Wands
 p - a wand of paralysis (5)
 L - a wand of iceblast (5)
 Z - a wand of acid (16)
Scrolls
 j - 2 scrolls of enchant weapon
 n - a scroll of fear
 r - 2 scrolls of remove curse
 t - 6 scrolls of teleportation
 u - a scroll of immolation {!r}
 v - a scroll of amnesia
 w - a scroll of magic mapping
 y - a scroll of fog
 Y - a scroll of enchant armour
Potions
 h - a potion of experience {unknown}
 k - a potion of ambrosia {unknown}
 o - 2 potions of flight
 q - a potion of lignification
 x - a potion of brilliance {unknown}
 z - a potion of degeneration {unknown}
 D - a potion of invisibility {unknown}
 I - 2 potions of mutation {unknown}
 J - a potion of agility
 Q - 2 potions of curing
 R - a potion of berserk rage
 T - 3 potions of heal wounds
Miscellaneous
 b - a lightning rod (4/4)
 P - a lamp of fire
Comestibles
 d - 15 rations


   Skills:
 + Level 8.5 Fighting
 + Level 7.1 Short Blades
 + Level 7.1 Long Blades
 + Level 7.1 Axes
 + Level 7.1 Maces & Flails
 + Level 8.5 Polearms
 + Level 7.1 Staves
 + Level 7.1 Slings
 + Level 7.1 Bows
 + Level 7.1 Crossbows
 + Level 7.1 Throwing
 + Level 7.6 Armour
 + Level 8.5 Dodging
 + Level 7.1 Stealth
 + Level 7.1 Shields
 + Level 7.1 Unarmed Combat
 + Level 8.8 Spellcasting
 + Level 5.9 Conjurations
 + Level 5.9 Hexes
 + Level 8.1 Charms
 + Level 5.9 Summonings
 + Level 5.9 Necromancy
 + Level 5.9 Translocations
 + Level 5.9 Transmutations
 + Level 5.9 Fire Magic
 + Level 5.9 Ice Magic
 + Level 5.9 Air Magic
 + Level 5.9 Earth Magic
 + Level 5.9 Poison Magic
 + Level 7.7 Invocations
 + Level 7.1 Evocations


You had 16 spell levels left.
You knew the following spells:

 Your Spells              Type           Power        Failure   Level  Hunger
g - Shroud of Golubria    Chrm/Tloc      ######....   1%          2    None
k - Sticks to Snakes      Tmut           ######..     1%          2    None
r - Regeneration          Chrm/Necr      ######....   1%          3    None
w - Spectral Weapon       Hex/Chrm       ######..     1%          3    None
y - Song of Slaying       Chrm           ######..     1%          2    None

Your spell library contained the following spells:

 Spells                   Type           Power        Failure   Level  Hunger
 Beastly Appendage        Tmut           ######       1%          1    None
 Corona                   Hex            ######.      1%          1    None
 Infusion                 Chrm           ####         1%          1    None
 Magic Dart               Conj           ####         1%          1    None
 Searing Ray              Conj           ######       1%          2    None
 Slow                     Hex            ######..     1%          2    None
 Dazzling Spray           Conj/Hex       ######       1%          3    None
 Inner Flame              Hex/Fire       ######..     1%          3    None
 Portal Projectile        Hex/Tloc       ######       1%          3    None
 Spider Form              Tmut/Pois      ######....   1%          3    None
 Cause Fear               Hex            ######....   1%          4    None
 Force Lance              Conj/Tloc      ######..     1%          4    None
 Fulminant Prism          Conj/Hex       ######....   1%          4    None
 Ice Form                 Ice/Tmut       ######..     1%          4    None
 Iskenderun's Mystic Bla  Conj           ######..     1%          4    None
 Leda's Liquefaction      Hex/Erth       ######....   1%          4    None
 Blade Hands              Tmut           ######....   2%          5    ###....


Dungeon Overview and Level Annotations

Branches:
Dungeon (12/15)
 Temple: D:4-7         Lair: D:8-11         Orc: D:9-12

Altars:
Cheibriados
Dithmenos
Nemelex Xobeh
Okawaru
Wu Jian
Yredelemnul

Shops:
D:9 (

Annotations:
D:10 3 runed translucent doors, Graouh's ghost, journeyman MiFi
D:11 2 runed translucent doors


Innate Abilities, Weirdness & Mutations

Your experience applies equally to all skills.
You have very sharp teeth.
Your uncanny sense of smell can sniff out nearby items.


Message History

You hit the yak. You freeze the yak.
The yak is moderately wounded.
Your spectral weapon hits the yak.
Your spectral weapon freezes the yak.
The yak gores your spectral weapon!
Your spectral weapon shares its damage with you!
You impale the yak!! You freeze the yak!
You kill the yak!
Cheibriados thoroughly appreciates the change of pace.
No target in view!
There is an open door, spattered with blood here.
Items here: †††† a yak corpse x3; a crocodile corpse You open the door.
You open the door.
A worker ant comes into view.
Your shroud begins to fray at the edges.
Your spectral weapon fades away.
The worker ant waves its antennae.
There is an open door here.
Unknown command.
You closely miss the worker ant. The worker ant closely misses you.
Casting: Song of Slaying (safe; 1% risk of failure)
Confirm with . or Enter, or press ? or * to list all spells.
You draw out your weapon's spirit!
The worker ant misses you.
You impale the worker ant!! You freeze the worker ant.
You kill the worker ant!
Cheibriados appreciates the change of pace.
Your shroud unravels.
Your song is almost over.
Your song has ended.
You open the door.
A worker ant zombie comes into view.
The worker ant zombie moves out of view.
Found a thick glowing staff.
There is an open door here.
Unknown command.
Attack whom?
Press: ? - help, Dir - move target cursor, f - worker ant zombie
Aim: a worker ant zombie You reach to attack!
You impale the worker ant zombie!! You freeze the worker ant zombie.
The worker ant zombie is almost destroyed.
Your spectral weapon hits the worker ant zombie from afar.
You destroy the worker ant zombie!
Cheibriados appreciates the change of pace.
No target in view!
No target in view!
You see here a thick glowing staff.
f - a thick glowing staff Your spectral weapon fades away.
Unknown command.
You open the door.
Found an ornate altar of the Wu Jian Council.
A steam dragon comes into view.
There is an open door here.
Found a war axe and 20 poisoned needles.
The steam dragon hisses angrily.
The steam dragon breathes steam at you. The ball of steam misses you.
Found a scroll labeled ZUNINI VUEME.
Unknown command.
Found a stone staircase leading down.
Casting: Spectral Weapon (safe; 1% risk of failure)
Confirm with . or Enter, or press ? or * to list all spells.
You draw out your weapon's spirit!
The steam dragon closely misses you. The steam dragon misses you.
You hit the steam dragon. You freeze the steam dragon.
The steam dragon is lightly wounded.
Your spectral weapon hits the steam dragon.
Your spectral weapon freezes the steam dragon.
The steam dragon barely misses you. x2
You barely miss the steam dragon.
The steam dragon is lightly wounded.
Your spectral weapon misses the steam dragon.
The steam dragon misses you. x2
You hit the steam dragon. You freeze the steam dragon.
The steam dragon is heavily wounded.
Your spectral weapon hits the steam dragon!
Your spectral weapon freezes the steam dragon.
You kill the steam dragon!
Cheibriados appreciates the change of pace.
No target in view!
You swap places.
You see here a scroll labeled ZUNINI VUEME.
You can't carry that many items.
Blink to where?
Press: ? - help, Dir - move target cursor You are very lightly contaminated with residual magic.
As you read the scroll labeled ZUNINI VUEME, it crumbles to dust.
It was a scroll of blinking.
You climb downwards.
Your summoned ally is left behind.
Your spectral weapon fades away. 3 killer bees come into view.
Found 11 gold pieces.
There is a stone staircase leading up here.
You climb upwards.
Level annotation: 2 runed translucent doors
There is a stone staircase leading down here.
Unknown command.
Unknown command.
Are you sure you want to abandon this character and quit the game? (Confirm with "yes".)

##...## ###..## #.....#
#...## ##.....######
##.##### #..._...)...#
#......# #...........#
#....>.# #...........#
#......# #..#(.......#
#......#
##..........+..........
###..@.....####......#
#........# ########
#........# ##########


There were no monsters in sight!

Vanquished Creatures
  Erolcha (D:10)
  Harold (D:8)
  2 hydras
  Erica (D:8)
  2 two-headed ogres
  Pikel (D:5)
  An orange crystal statue (D:9)
  An obsidian statue (D:11)
  A cyclops (D:11)
  Joseph (D:8)
  2 trolls
  3 hippogriffs
  2 dream sheep (D:9)
  2 wyverns (D:9)
  19 yaks
  2 steam dragons
  Grum (D:8)
  A water moccasin (D:7)
  An ice beast (D:8)
  3 orc warriors
  A slave (D:5)
  2 sky beasts
  A black bear (D:11)
  An eye of draining (D:9)
  2 wolves (D:8)
  A necrophage (D:9)
  A phantom (D:6)
  3 ogres
  8 centaurs
  3 crocodiles
  3 big kobolds (D:9)
  3 bullfrogs
  Blork the orc (D:5)
  A gnoll sergeant (D:6)
  3 scorpions
  A wyvern skeleton (D:11)
  6 howler monkeys
  3 crimson imps
  A bullfrog zombie (D:11)
  5 hounds
  A quasit (D:10)
  4 centaur skeletons
  Crazy Yiuf (D:3)
  A bullfrog skeleton (D:9)
  A jelly (D:10)
  3 orc priests
  7 orc wizards
  3 iguanas
  5 worker ants
  2 killer bee zombies
  A hound skeleton (D:7)
  Robin (D:3)
  3 worker ant zombies
  12 adders
  13 gnolls
  2 shadow imps
  An adder zombie (D:5)
  A worm (D:3)
  A dart slug (D:4)
  3 leopard geckos
  29 orcs
  9 giant cockroaches
  5 hobgoblins (D:3)
  18 jackals
  4 quokkas
  5 bats
  4 frilled lizards
  9 goblins
  2 kobolds (D:3)
  2 quokka skeletons
  A quokka zombie (D:7)
  3 rats
255 creatures vanquished.

Vanquished Creatures (others)
  A giant cockroach (D:5)
  2 spectral weapons (D:11)
3 creatures vanquished.

Grand Total: 258 creatures vanquished

Notes
Turn   | Place    | Note
-------+----------+-------------------------------------------
     0 | D:1      | tidbits the Gnoll Skald began the quest for the Orb.
     0 | D:1      | Reached XP level 1. HP: 20/20 MP: 6/6
   166 | D:2      | Reached XP level 2. HP: 26/26 MP: 4/7
   170 | D:2      | Learned a level 2 spell: Song of Slaying
   249 | D:3      | Noticed Robin
   269 | D:3      | HP: 3/26 [goblin/+0 dagger[Robin] (8)]
   292 | D:3      | Killed Robin
   292 | D:3      | Reached skill level 5 in Spellcasting
   292 | D:3      | Reached XP level 3. HP: 31/31 MP: 5/9
   296 | D:3      | Learned a level 2 spell: Shroud of Golubria
   300 | D:3      | Learned a level 3 spell: Regeneration
   304 | D:3      | Learned a level 3 spell: Spectral Weapon
   363 | D:4      | Reached skill level 1 in Invocations
   368 | D:4      | Reached skill level 1 in Short Blades
   368 | D:4      | Reached skill level 1 in Long Blades
   368 | D:4      | Reached skill level 1 in Axes
   368 | D:4      | Reached skill level 1 in Maces & Flails
   368 | D:4      | Reached skill level 1 in Staves
   368 | D:4      | Reached skill level 1 in Slings
   368 | D:4      | Reached skill level 1 in Bows
   368 | D:4      | Reached skill level 1 in Crossbows
   368 | D:4      | Reached skill level 1 in Throwing
   368 | D:4      | Reached skill level 1 in Stealth
   368 | D:4      | Reached skill level 1 in Shields
   368 | D:4      | Reached skill level 1 in Unarmed Combat
   368 | D:4      | Reached skill level 1 in Evocations
   371 | D:4      | Reached skill level 1 in Conjurations
   371 | D:4      | Reached skill level 1 in Hexes
   371 | D:4      | Reached skill level 1 in Summonings
   371 | D:4      | Reached skill level 1 in Necromancy
   371 | D:4      | Reached skill level 1 in Translocations
   371 | D:4      | Reached skill level 1 in Transmutations
   371 | D:4      | Reached skill level 1 in Fire Magic
   371 | D:4      | Reached skill level 1 in Ice Magic
   371 | D:4      | Reached skill level 1 in Air Magic
   371 | D:4      | Reached skill level 1 in Earth Magic
   371 | D:4      | Reached skill level 1 in Poison Magic
   371 | D:4      | Reached XP level 4. HP: 23/38 MP: 3/11
   378 | D:4      | Reached XP level 5. HP: 27/43 MP: 3/12
   452 | D:3      | Found a snail-covered altar of Cheibriados.
   453 | D:3      | Found a basalt altar of Yredelemnul.
   454 | D:3      | Found a sparkling altar of Nemelex Xobeh.
   464 | D:3      | Became a worshipper of Cheibriados the Contemplative
   530 | D:2      | Reached skill level 3 in Armour
   566 | D:3      | Found a runed translucent door.
   571 | D:3      | Noticed Crazy Yiuf
   583 | D:3      | Killed Crazy Yiuf
   783 | D:4      | Reached skill level 2 in Invocations
   783 | D:4      | Reached XP level 6. HP: 46/50 MP: 5/13
   823 | D:4      | Reached * piety under Cheibriados
   848 | D:5      | Entered Level 5 of the Dungeon
   883 | D:5      | Noticed Blork the orc
   892 | D:5      | Killed Blork the orc
   892 | D:5      | Reached skill level 5 in Fighting
   892 | D:5      | Reached skill level 2 in Short Blades
   892 | D:5      | Reached skill level 2 in Long Blades
   892 | D:5      | Reached skill level 2 in Axes
   892 | D:5      | Reached skill level 2 in Maces & Flails
   892 | D:5      | Reached skill level 5 in Polearms
   892 | D:5      | Reached skill level 2 in Staves
   892 | D:5      | Reached skill level 2 in Slings
   892 | D:5      | Reached skill level 2 in Bows
   892 | D:5      | Reached skill level 2 in Crossbows
   892 | D:5      | Reached skill level 2 in Throwing
   892 | D:5      | Reached skill level 5 in Dodging
   892 | D:5      | Reached skill level 2 in Stealth
   892 | D:5      | Reached skill level 2 in Shields
   892 | D:5      | Reached skill level 2 in Unarmed Combat
   892 | D:5      | Reached skill level 2 in Evocations
   976 | D:5      | Noticed a slave
   978 | D:5      | Noticed a slave
   980 | D:5      | Noticed a slave
   980 | D:5      | Noticed Pikel
   980 | D:5      | Noticed a slave
   985 | D:5      | Killed a slave
   999 | D:5      | Killed Pikel
   999 | D:5      | Reached skill level 2 in Conjurations
   999 | D:5      | Reached skill level 2 in Hexes
   999 | D:5      | Reached skill level 2 in Summonings
   999 | D:5      | Reached skill level 2 in Necromancy
   999 | D:5      | Reached skill level 2 in Translocations
   999 | D:5      | Reached skill level 2 in Transmutations
   999 | D:5      | Reached skill level 2 in Fire Magic
   999 | D:5      | Reached skill level 2 in Ice Magic
   999 | D:5      | Reached skill level 2 in Air Magic
   999 | D:5      | Reached skill level 2 in Earth Magic
   999 | D:5      | Reached skill level 2 in Poison Magic
   999 | D:5      | Reached skill level 3 in Invocations
   999 | D:5      | Reached XP level 7. HP: 53/56 MP: 7/15
   999 | D:5      | Reached XP level 8. HP: 60/63 MP: 7/16
  1043 | D:5      | Reached skill level 6 in Charms
  1077 | D:5      | HP: 4/63 [gnoll/+0 flail (12)]
  1154 | D:5      | Reached skill level 4 in Armour
  1165 | D:6      | Reached skill level 3 in Short Blades
  1165 | D:6      | Reached skill level 3 in Long Blades
  1165 | D:6      | Reached skill level 3 in Axes
  1165 | D:6      | Reached skill level 3 in Maces & Flails
  1165 | D:6      | Reached skill level 3 in Staves
  1165 | D:6      | Reached skill level 3 in Slings
  1165 | D:6      | Reached skill level 3 in Bows
  1165 | D:6      | Reached skill level 3 in Crossbows
  1165 | D:6      | Reached skill level 3 in Throwing
  1165 | D:6      | Reached skill level 3 in Stealth
  1165 | D:6      | Reached skill level 3 in Shields
  1165 | D:6      | Reached skill level 3 in Unarmed Combat
  1165 | D:6      | Reached skill level 3 in Evocations
  1186 | D:6      | Reached skill level 6 in Spellcasting
  1282 | D:6      | Reached ** piety under Cheibriados
  1449 | D:6      | Reached skill level 4 in Invocations
  1484 | D:6      | Reached skill level 3 in Conjurations
  1484 | D:6      | Reached skill level 3 in Hexes
  1484 | D:6      | Reached skill level 3 in Summonings
  1484 | D:6      | Reached skill level 3 in Necromancy
  1484 | D:6      | Reached skill level 3 in Translocations
  1484 | D:6      | Reached skill level 3 in Transmutations
  1484 | D:6      | Reached skill level 3 in Fire Magic
  1484 | D:6      | Reached skill level 3 in Ice Magic
  1484 | D:6      | Reached skill level 3 in Air Magic
  1484 | D:6      | Reached skill level 3 in Earth Magic
  1484 | D:6      | Reached skill level 3 in Poison Magic
  1513 | D:7      | Reached XP level 9. HP: 69/69 MP: 14/18
  1537 | D:7      | Reached skill level 6 in Fighting
  1537 | D:7      | Reached skill level 6 in Polearms
  1537 | D:7      | Reached skill level 6 in Dodging
  1546 | D:7      | Reached *** piety under Cheibriados
  1561 | D:7      | Found an iron altar of Okawaru.
  1608 | D:8      | Noticed Erica
  1686 | D:8      | Noticed Harold
  1720 | D:8      | Killed Harold
  1720 | D:8      | Reached skill level 4 in Short Blades
  1720 | D:8      | Reached skill level 4 in Long Blades
  1720 | D:8      | Reached skill level 4 in Axes
  1720 | D:8      | Reached skill level 4 in Maces & Flails
  1720 | D:8      | Reached skill level 4 in Staves
  1720 | D:8      | Reached skill level 4 in Slings
  1720 | D:8      | Reached skill level 4 in Bows
  1720 | D:8      | Reached skill level 4 in Crossbows
  1720 | D:8      | Reached skill level 4 in Throwing
  1720 | D:8      | Reached skill level 5 in Armour
  1720 | D:8      | Reached skill level 4 in Stealth
  1720 | D:8      | Reached skill level 4 in Shields
  1720 | D:8      | Reached skill level 4 in Unarmed Combat
  1720 | D:8      | Reached skill level 4 in Evocations
  1786 | D:8      | Noticed Joseph
  1800 | D:8      | Killed Joseph
  1850 | D:10     | Entered Level 10 of the Dungeon
  1899 | D:9      | Reached skill level 5 in Invocations
  1937 | D:10     | Reached XP level 10. HP: 77/77 MP: 14/20
  1958 | D:9      | Reached skill level 7 in Spellcasting
  1962 | D:9      | Reached skill level 4 in Conjurations
  1962 | D:9      | Reached skill level 4 in Hexes
  1962 | D:9      | Reached skill level 4 in Summonings
  1962 | D:9      | Reached skill level 4 in Necromancy
  1962 | D:9      | Reached skill level 4 in Translocations
  1962 | D:9      | Reached skill level 4 in Transmutations
  1962 | D:9      | Reached skill level 4 in Fire Magic
  1962 | D:9      | Reached skill level 4 in Ice Magic
  1962 | D:9      | Reached skill level 4 in Air Magic
  1962 | D:9      | Reached skill level 4 in Earth Magic
  1962 | D:9      | Reached skill level 4 in Poison Magic
  1974 | D:9      | Learned a level 2 spell: Sticks to Snakes
  1995 | D:9      | Reached **** piety under Cheibriados
  1995 | D:9      | Reached skill level 5 in Short Blades
  1995 | D:9      | Reached skill level 5 in Long Blades
  1995 | D:9      | Reached skill level 5 in Axes
  1995 | D:9      | Reached skill level 5 in Maces & Flails
  1995 | D:9      | Reached skill level 5 in Staves
  1995 | D:9      | Reached skill level 5 in Slings
  1995 | D:9      | Reached skill level 5 in Bows
  1995 | D:9      | Reached skill level 5 in Crossbows
  1995 | D:9      | Reached skill level 5 in Throwing
  1995 | D:9      | Reached skill level 5 in Stealth
  1995 | D:9      | Reached skill level 5 in Shields
  1995 | D:9      | Reached skill level 5 in Unarmed Combat
  1995 | D:9      | Reached skill level 5 in Evocations
  1998 | D:9      | Noticed a three-headed hydra
  2005 | D:9      | Killed a three-headed hydra
  2005 | D:9      | Reached skill level 7 in Fighting
  2005 | D:9      | Reached skill level 7 in Polearms
  2005 | D:9      | Reached skill level 7 in Dodging
  2005 | D:9      | Reached skill level 7 in Charms
  2011 | D:9      | Reached skill level 6 in Armour
  2154 | D:9      | Found a shadowy altar of Dithmenos.
  2206 | D:9      | Noticed an orange crystal statue
  2248 | D:9      | Killed an orange crystal statue
  2248 | D:9      | Reached skill level 6 in Invocations
  2281 | D:9      | Found Qoej's Weapon Shop.
  2303 | D:9      | Bought a +0 halberd of venom for 108 gold pieces
  2356 | D:8      | Noticed Grum
  2362 | D:8      | Killed Grum
  2367 | D:8      | Reached XP level 11. HP: 79/84 MP: 2/22
  2388 | D:8      | Killed Erica
  2486 | D:8      | Reached ***** piety under Cheibriados
  2488 | D:8      | Reached skill level 6 in Short Blades
  2488 | D:8      | Reached skill level 6 in Long Blades
  2488 | D:8      | Reached skill level 6 in Axes
  2488 | D:8      | Reached skill level 6 in Maces & Flails
  2488 | D:8      | Reached skill level 6 in Staves
  2488 | D:8      | Reached skill level 6 in Slings
  2488 | D:8      | Reached skill level 6 in Bows
  2488 | D:8      | Reached skill level 6 in Crossbows
  2488 | D:8      | Reached skill level 6 in Throwing
  2488 | D:8      | Reached skill level 6 in Stealth
  2488 | D:8      | Reached skill level 6 in Shields
  2488 | D:8      | Reached skill level 6 in Unarmed Combat
  2488 | D:8      | Reached skill level 6 in Evocations
  2624 | D:9      | Reached skill level 5 in Conjurations
  2624 | D:9      | Reached skill level 5 in Hexes
  2624 | D:9      | Reached skill level 5 in Summonings
  2624 | D:9      | Reached skill level 5 in Necromancy
  2624 | D:9      | Reached skill level 5 in Translocations
  2624 | D:9      | Reached skill level 5 in Transmutations
  2624 | D:9      | Reached skill level 5 in Fire Magic
  2624 | D:9      | Reached skill level 5 in Ice Magic
  2624 | D:9      | Reached skill level 5 in Air Magic
  2624 | D:9      | Reached skill level 5 in Earth Magic
  2624 | D:9      | Reached skill level 5 in Poison Magic
  2778 | D:10     | Reached skill level 8 in Spellcasting
  2796 | D:10     | Found a runed translucent gate.
  2796 | D:10     | Found a runed translucent gate.
  2797 | D:10     | Found a runed translucent gate.
  2799 | D:10     | Noticed Graouh's ghost (journeyman MiFi)
  2830 | D:11     | Found a runed translucent door.
  2830 | D:11     | Noticed an obsidian statue
  2831 | D:11     | Noticed a six-headed hydra
  2839 | D:11     | Killed a six-headed hydra
  2856 | D:11     | Noticed a sixfirhy
  2880 | D:11     | Noticed a sun demon
  2880 | D:11     | Found a runed translucent door.
  2886 | D:11     | Killed an obsidian statue
  2886 | D:11     | Reached skill level 8 in Fighting
  2886 | D:11     | Reached skill level 8 in Polearms
  2886 | D:11     | Reached skill level 7 in Armour
  2886 | D:11     | Reached skill level 8 in Dodging
  2886 | D:11     | Reached skill level 7 in Invocations
  2899 | D:11     | Noticed a cyclops
  2901 | D:11     | Found a runed translucent door.
  2904 | D:11     | Found a runed translucent door.
  2941 | D:11     | Killed a cyclops
  3024 | D:10     | Noticed a two-headed ogre
  3029 | D:10     | Noticed Erolcha
  3032 | D:10     | Killed a two-headed ogre
  3035 | D:10     | Killed Erolcha
  3158 | D:11     | Reached XP level 12. HP: 93/93 MP: 20/24
  3243 | D:11     | Reached skill level 8 in Charms
  3281 | D:11     | Noticed a two-headed ogre
  3291 | D:11     | Killed a two-headed ogre
  3363 | D:11     | Reached ****** piety under Cheibriados
  3447 | D:10     | Reached skill level 7 in Short Blades
  3447 | D:10     | Reached skill level 7 in Long Blades
  3447 | D:10     | Reached skill level 7 in Axes
  3447 | D:10     | Reached skill level 7 in Maces & Flails
  3447 | D:10     | Reached skill level 7 in Staves
  3447 | D:10     | Reached skill level 7 in Slings
  3447 | D:10     | Reached skill level 7 in Bows
  3447 | D:10     | Reached skill level 7 in Crossbows
  3447 | D:10     | Reached skill level 7 in Throwing
  3447 | D:10     | Reached skill level 7 in Stealth
  3447 | D:10     | Reached skill level 7 in Shields
  3447 | D:10     | Reached skill level 7 in Unarmed Combat
  3447 | D:10     | Reached skill level 7 in Evocations
  3648 | D:11     | Found an ornate altar of the Wu Jian Council.
  3669 | D:11     | Quit the game

Skill      XL: |  1  2  3  4  5  6  7  8  9 10 11 12 |
---------------+-------------------------------------+-----
Spellcasting   | 5 6 7 8 |  8.8
Invocations    | 1 2 3 4 5 6 7 |  7.7
Short Blades   | 1 2 3 4 5 6 7 |  7.1
Long Blades    | 1 2 3 4 5 6 7 |  7.1
Axes           | 1 2 3 4 5 6 7 |  7.1
Maces & Flails | 1 2 3 4 5 6 7 |  7.1
Staves         | 1 2 3 4 5 6 7 |  7.1
Slings         | 1 2 3 4 5 6 7 |  7.1
Bows           | 1 2 3 4 5 6 7 |  7.1
Crossbows      | 1 2 3 4 5 6 7 |  7.1
Throwing       | 1 2 3 4 5 6 7 |  7.1
Stealth        | 1 2 3 4 5 6 7 |  7.1
Shields        | 1 2 3 4 5 6 7 |  7.1
Unarmed Combat | 1 2 3 4 5 6 7 |  7.1
Evocations     | 1 2 3 4 5 6 7 |  7.1
Conjurations   | 1 2 3 4 5 |  5.9
Hexes          | 1 2 3 4 5 |  5.9
Summonings     | 1 2 3 4 5 |  5.9
Necromancy     | 1 2 3 4 5 |  5.9
Translocations | 1 2 3 4 5 |  5.9
Transmutations | 1 2 3 4 5 |  5.9
Fire Magic     | 1 2 3 4 5 |  5.9
Ice Magic      | 1 2 3 4 5 |  5.9
Air Magic      | 1 2 3 4 5 |  5.9
Earth Magic    | 1 2 3 4 5 |  5.9
Poison Magic   | 1 2 3 4 5 |  5.9
Armour         | 3 4 5 6 7 |  7.6
Fighting       | 5 6 7 8 |  8.5
Polearms       | 5 6 7 8 |  8.5
Dodging        | 5 6 7 8 |  8.5
Charms         | 6 7 8 |  8.1

Action                   |  1- 3 |  4- 6 |  7- 9 | 10-12 || total
-------------------------+-------+-------+-------+-------++-------
Melee: Spear             |    60 |    97 |       |       ||   157
       Bite              |       |    15 |    22 |    58 ||    95
       Trident           |       |    22 |   166 |   255 ||   443
       Punch             |       |       |     2 |    10 ||    12
       Halberd           |       |       |       |    26 ||    26
Throw: Stone             |       |       |     2 |     1 ||     3
       Tomahawk          |       |       |       |     4 ||     4
 Cast: Infusion          |     5 |       |       |       ||     5
       Song of Slaying   |     3 |     3 |     4 |     8 ||    18
       Spectral Weapon   |     1 |    18 |    23 |    37 ||    79
       Regeneration      |     1 |     3 |     9 |    10 ||    23
       Shroud of Golubri |       |     3 |    11 |    10 ||    24
       Sticks to Snakes  |       |       |       |     6 ||     6
Evoke: Wand              |       |     1 |     5 |     8 ||    14
  Use: Potion            |     2 |       |     1 |     4 ||     7
       Scroll            |       |     6 |     2 |     9 ||    17
 Stab: Distracted        |     1 |     3 |     3 |     8 ||    15
       Sleeping          |       |     2 |     3 |     6 ||    11
       Paralysed         |       |     5 |       |       ||     5
  Eat: Ration            |     1 |     1 |       |     2 ||     4
Armor: Leather armour    |     6 |    21 |     6 |       ||    33
       Skin              |    23 |       |       |    10 ||    33
       Ring mail         |       |       |    34 |    43 ||    77
       Steam dragon scal |       |       |       |    38 ||    38
Dodge: Dodged            |    21 |    50 |   125 |   260 ||   456

Table legend:
 A = Turns spent in this place as a percentage of turns spent in the entire game.
 B = Non-inter-level travel turns spent in this place as a percentage of non-inter-level travel turns spent in the entire game.
 C = Inter-level travel turns spent in this place as a percentage of turns spent in this place.
 D = Turns resting spent in this place as a percentage of non-inter-level travel turns spent in this place.
 E = Turns spent auto-exploring this place as a percentage of non-inter-level travel turns spent in this place.
 F = Non-inter-level travel turns spent in this place divided by the number of levels of this place that you've seen.
                   A       B       C       D       E      F
               +-------+-------+-------+-------+-------+----------------------
         Total | 100.0 | 100.0 |   3.2 |   0.0 |   0.0 | 295.8
       Dungeon | 100.0 | 100.0 |   3.2 |   0.0 |   0.0 | 295.8
               +-------+-------+-------+-------+-------+----------------------

Table legend:
 A = Kills in this place as a percentage of kills in entire the game.
 B = Kills by you in this place as a percentage of kills by you in the entire game.
 C = Kills by friends in this place as a percentage of kills by friends in the entire game.
 D = Other kills in this place as a percentage of other kills in the entire game.
 E = Experience gained in this place as a percentage of experience gained in the entire game.
 F = Experience gained in this place divided by the number of levels of this place that you have seen.
                   A       B       C       D       E      F
               +-------+-------+-------+-------+-------+----------------------
         Total | 100.0 | 100.0 |   N/A |   N/A | 100.0 | 1929.9
       Dungeon | 100.0 | 100.0 |   N/A |   N/A | 100.0 | 1929.9
               +-------+-------+-------+-------+-------+----------------------

Levels and vault maps discovered:
D:1:      saegor_arrival_simple_c, layout_basic
D:2:      kennysheep_big_flooded_room, layout_basic, first_ration, uniq_jessica
D:3:      layout_loops_ring, gammafunk_temple_overflow_forgotten, uniq_terence,
          uniq_robin, uniq_natasha, uniq_crazy_yiuf_cottage
D:4:      layout_layer_cave
D:5:      layout_layer_cave, minmay_misc_feat_x, uniq_blork_the_orc, uniq_pikel,
          uniq_sigmund
D:6:      layout_gridville, basic_altar
D:7:      kennysheep_spiral_hall, layout_rooms, okawaru_gym_becter, temple_green
D:8:      layout_basic, serial_curves, eino_curves_01, eino_curves_01,
          uniq_harold, uniq_erica, uniq_joseph, uniq_grum
D:9:      layout_loops_corners, nicolae_overflow_crystal_walls, orc_0_dummy,
          serial_shops, nicolae_shop_waterfront, hangedman_ranch
          [blue_anna_fruit_fields], minivault_16, eino_house_with_fridge
D:10:     layout_layer_cave, lair_entry_dummy, gammafunk_ghost_necromancy,
          uniq_erolcha
D:11:     layout_roguey, basic_altar, st_stairs_14, minmay_statue_crystal_thing
D:12:     layout_gridville, minivault_16
